 Dungeon Crawl Stone Soup version 0.20.1-1-g8b1a95d (webtiles) character file.

46 Dawnplanks the Skirmisher (level 3, 0/29 HPs)
             Began as a Demonspawn Abyssal Knight on Nov 26, 2017.
             Was a Believer of Lugonu.
             Succumbed to an adder's poison
             ... on level 2 of the Dungeon.
             The game lasted 00:07:05 (1122 turns).

Dawnplanks the Skirmisher (DsAK)                    Turns: 1122, Time: 00:07:06

Health: 0/29       AC:  5    Str: 12    XL:     3   Next: 44%
Magic:  5/5        EV: 11    Int: 13    God:    Lugonu [**....]
Gold:   75         SH:  4    Dex: 13    Spells: 2/2 levels left

rFire    . . .     SeeInvis .   a - +1 hand axe
rCold    . . .     Gourm    .   (no shield)
rNeg     . . .     Faith    .   b - +0 leather armour
rPois    .         Spirit   .   (no helmet)
rElec    .         Reflect  .   (no cloak)
rCorr    .         Harm     .   h - +1 pair of gloves
MR       .....                  (no boots)
Stlth    +.........             (no amulet)
Regen    0.1/turn               (no ring)
MPRegen  0.1/turn               (no ring)

@: lethally poisoned (0 -> -14), flying
A: large bone plates 1
a: Depart the Abyss, Bend Space, Renounce Religion


You were on level 2 of the Dungeon.
You worshipped Lugonu.
Lugonu was pleased with you.
You were not hungry.

You visited 1 branch of the dungeon, and saw 2 of its levels.
You visited the Abyss 1 time.

You collected 75 gold pieces.

Inventory:

Hand Weapons
 a - a +1 hand axe (weapon)
Armour
 b - a +0 leather armour (worn)
 h - a +1 pair of gloves (worn)
Scrolls
 d - a scroll of blinking
 e - 2 scrolls of enchant armour
 f - 2 scrolls of identify
 i - a scroll of enchant weapon {unknown}
 j - a scroll of magic mapping {unknown}
 l - a scroll of remove curse {unknown}
Comestibles
 c - 3 bread rations
 g - 3 fruits
 k - a royal jelly
 m - a meat ration
 o - a chunk of flesh


   Skills:
 + Level 3.4 Fighting
 + Level 2.3 Axes
 + Level 2.2 Armour
 + Level 1.3 Dodging
 + Level 2.7 Invocations


You had 2 spell levels left.
You didn't know any spells.

Dungeon Overview and Level Annotations

Branches:
Dungeon (2/15)

Altars:


Innate Abilities, Weirdness & Mutations

You are partially covered in large bone plates. (SH +4)


Message History

* * * LOW HITPOINT WARNING * * *
You feel sick.
There is a lethal amount of poison in your body!
It was a potion of flight.
You feel very buoyant.
You fly up into the air.
* * * LOW HITPOINT WARNING * * *
You feel sick.
As you read the scroll labeled CES TEUREI, it crumbles to dust.
It is a scroll of identify.
d - a scroll of blinking
* * * LOW HITPOINT WARNING * * *
You feel sick.
As you read the scroll labeled ZEUCSORPHOV, it crumbles to dust.
It is a scroll of enchant armour.
Your +0 pair of gloves glows green for a moment.
* * * LOW HITPOINT WARNING * * *
You feel sick.
You eat one of the 2 royal jellies.
That royal jelly was delicious!
You die...

...# ##..P.PP..P.PP♣
♣♣♣♣.♣ ...#
#.♣P.P..P.......♣.. .P♣
#### #♣.........P...♣♣.P
♣.♣♣ # ##..P..).......♣..♣
.♣ # ###................♣
.P ##P.♣♣.P............♣♣
..
#.♣P♣....P...........♣.P..
...♣.......♣P.........P♣
#.♣......♣..P♣P.@...P..P
#♣♣...♣PP♣♣..P♣†.......♣ ♣
....♣♣ ♣♣.♣......P♣♣♣ #
.... ♣♣.♣P...♣♣♣ # ...
♣P♣PP..P♣ # .♣ .♣P.PP....
♣ .♣ .♣.♣.P... # .♣
♣♣♣♣....≈. # P♣ .≈.≈.≈


There were no monsters in sight!

Vanquished Creatures
  2 adders
  A dart slug (D:2)
  A leopard gecko (D:1)
  2 bats (D:1)
  A giant cockroach (D:2)
  2 goblins
  5 hobgoblins
  2 jackals (D:1)
  A ball python (D:2)
  4 kobolds
  3 rats (D:1)
24 creatures vanquished.

Notes
Turn   | Place    | Note
-------+----------+-------------------------------------------
     0 | Abyss:1  | Dawnplanks the Demonspawn Abyssal Knight began the quest for the Orb.
     0 | Abyss:1  | Reached XP level 1. HP: 18/18 MP: 2/2
    11 | D:1      | Escaped the Abyss
   223 | D:1      | Gained mutation: You are partially covered in large bone plates. (SH +4) [demonic ancestry]
   223 | D:1      | Reached XP level 2. HP: 19/24 MP: 3/3
   583 | D:1      | Reached skill level 1 in Dodging
   927 | D:2      | Reached XP level 3. HP: 29/29 MP: 5/5
   986 | D:2      | Reached ** piety under Lugonu
  1121 | D:2      | HP: 1/29 [poisoned by an adder]
  1122 | D:2      | Succumbed to an adder's poison

Skill      XL: |  1  2 |
---------------+-------+-----
Axes           | 2 |  2.3
Armour         | 2 |  2.2
Dodging        | 1 |  1.3
Fighting       | |  3.4
Invocations    | |  2.7

Action                   || total
-------------------------++-------
Melee: Hand axe          ||    88
  Use: Scroll            ||     2
       Potion            ||     1
  Eat: Royal jelly       ||     1
       Chunk             ||     1
Armor: Leather armour    ||    28
Dodge: Dodged            ||    48
Block: Other             ||    14
